 Dungeon Sprint DCSS version 0.19.1-1-g22dce08 (webtiles) character file.

469629 unrecovered the Invulnerable (level 20, 197/197 HPs)
             Began as a Formicid Fighter on Jan 12, 2017.
             Was the Champion of Makhleb.
             Escaped with the Orb!
             The game lasted 00:50:05 (3223 turns).

unrecovered the Invulnerable (Formicid Fighter)     Turns: 3223, Time: 00:50:05

Health: 197/197    AC: 44    Str: 37    XL:     20   Next: 20%
Magic:  41/41      EV: 13    Int: 26    God:    Makhleb [******]
Gold:   0          SH: 31    Dex: 12    Spells: 9 memorised, 18 levels left

rFire  + + +     SeeInvis +     J - +7 great mace "Firestarter" {inner flame, rF++}
rCold  + . .     Gourm    .     b - +9 gold dragon scales
rNeg   + . .     Faith    .     M - +18 shield of the Gong {rElec rN+ MR+ EV-5}
rPois  +         Spirit   .     (helmet unavailable)
rElec  +         Reflect  .     Z - +1 cloak {MR+}
rCorr  .         Harm     .     L - +0 pair of gloves {Str+3}
MR     ++++.                    N - +1 pair of boots of Disappointment {Str+4 Dex-2 Slay+5}
Stlth  ..........               R - amulet "Lumumed" {Regen+ Str+2 Int+10 Stlth-}
                                B - +6 ring of intelligence
                                X - ring of Fenum {Wiz Dex+4}

@: no status effects
A: permanent stasis, dig shafts and tunnels, four strong arms, antennae 3, low
mp 1, screaming 1
a: Dig, Minor Destruction, Lesser Servant of Makhleb, Major Destruction, Greater
Servant of Makhleb, Renounce Religion
0: Orb of Zot


You escaped.
You worshipped Makhleb.
Makhleb was exalted by your worship.
You were not hungry.

You visited 1 branch

Inventory:

Hand Weapons
 J - the +7 great mace "Firestarter" (weapon) {inner flame, rF++}
   (You found it in the Dungeon)

   It has been specially enchanted to burn those struck by it, causing extra
   injury to most foes and up to half again as much damage against particularly
   susceptible opponents.
   It greatly protects you from fire.
 K - the +10 dark maul {crush}
   (You found it in the Dungeon)

   It inflicts extra damage upon your enemies.
Armour
 b - +9 gold dragon scales (worn)
 L - a +0 pair of gloves of strength (worn)
 M - the +18 shield of the Gong (worn) {rElec rN+ MR+ EV-5}
   (You found it in the Dungeon)

   It affects your evasion (-5).
   It insulates you from electricity.
   It protects you from negative energy.
   It affects your resistance to hostile enchantments.
 N - the +1 pair of boots of Disappointment (worn) {Str+4 Dex-2 Slay+5}
   (You found it in the Dungeon)

   It affects your strength (+4).
   It affects your dexterity (-2).
   It affects your accuracy and damage with ranged weapons and melee attacks
   (+5).
 Z - a +1 cloak of magic resistance (worn)
Jewellery
 h - the amulet "Mypsol" {Spirit rC+ rN++}
   (You found it in the Dungeon)

   [amulet of guardian spirit]

   It causes incoming damage to be split between your health and magic.
   It protects you from cold.
   It greatly protects you from negative energy.
 j - the ring of Kewitoto {rC+ Str+3 Dex+5 Stlth+}
   (You found it in the Dungeon)

   [ring of strength]

   It affects your strength (+3).
   It affects your dexterity (+5).
   It protects you from cold.
   It makes you more stealthy.
 y - a +6 ring of dexterity
 A - a +6 ring of dexterity
 B - a +6 ring of intelligence (right hand)
 C - a +6 ring of intelligence
 D - a +6 ring of strength
 E - a +6 ring of strength
 R - the amulet "Lumumed" (around neck) {Regen+ Str+2 Int+10 Stlth-}
   (You found it in the Dungeon)

   [amulet of regeneration]

   It affects your strength (+2).
   It affects your intelligence (+10).
   It increases your rate of regeneration.
   It makes you less stealthy.
 T - the ring of the Good {rPois rF+ Str+3 Int+2 Dex+3}
   (You took it off a vampire knight in the Dungeon)

   [ring of intelligence]

   It affects your strength (+3).
   It affects your intelligence (+2).
   It affects your dexterity (+3).
   It protects you from fire.
   It protects you from poison.
 V - the amulet of Arrival {Reflect SH+5 SInv}
   (You found it in the Dungeon)

   [amulet of reflection]

   It shields you and reflects attacks.
   It lets you see invisible.
   It affects your SH (+5).
 X - the ring of Fenum (left hand) {Wiz Dex+4}
   (You found it in the Dungeon)

   [ring of wizardry]

   It improves your spell success rate.
   It affects your dexterity (+4).
Wands
 F - a wand of disintegration (7/24)
 G - a wand of iceblast (5/15)
 H - a wand of lightning (5/15)
 I - a wand of acid (5/15)
 Q - a wand of heal wounds (4/9)
Scrolls
 a - 4 scrolls of enchant weapon
 q - 4 scrolls of amnesia
 r - 3 scrolls of recharging
 s - 7 scrolls of fog
 t - 5 scrolls of holy word
 u - 5 scrolls of identify
 v - 5 scrolls of remove curse
 w - 2 scrolls of fear
Potions
 e - 8 potions of curing
 g - 8 potions of heal wounds
 i - 7 potions of magic
 l - a potion of brilliance
 m - 2 potions of invisibility
 n - 4 potions of resistance
 p - 2 potions of agility
 W - 2 potions of might
Miscellaneous
 S - 13 phantom mirrors
Comestibles
 f - 5 bread rations
 x - 42 fruits
 z - 3 meat rations
 U - 9 royal jellies


   Skills:
 O Level 27 Fighting
 O Level 27 Maces & Flails
 O Level 27 Armour
 + Level 19.3 Dodging
 - Level 9.6 Shields
 + Level 22.3 Spellcasting
 + Level 24.4 Air Magic
 - Level 12.6 Invocations


You had 18 spell levels left.
You knew the following spells:

 Your Spells              Type           Power        Failure   Level  Hunger
a - Song of Slaying       Chrm           ####....     4%          2    None
b - Apportation           Tloc           ####......   2%          1    None
c - Shroud of Golubria    Chrm/Tloc      ####......   4%          2    None
d - Silence               Hex/Air        #######...   1%          5    None
e - Regeneration          Chrm/Necr      ####......   7%          3    None
f - Tornado               Air            ########..   16%         9    ######.
g - Statue Form           Tmut/Erth      ####.....    99%         6    None
h - Shatter               Erth           ####......   100%        9    ######.
i - Lehudib's Crystal Sp  Conj/Erth      ####......   100%        8    #####..


Dungeon Overview and Level Annotations

Branches:
Dungeon (1/1)

Altars:
Ashenzari
Cheibriados
Dithmenos
Elyvilon
Fedhas
Gozag
Hepliaklqana
Kikubaaqudgha
Makhleb
Nemelex Xobeh
Okawaru
Qazlal
Ru
Sif Muna
Trog
Uskayaw
Vehumet
Xom
Yredelemnul
Zin
The Shining One
Beogh
Jiyva
Lugonu


Innate Abilities, Weirdness & Mutations

You are under a permanent stasis effect.
You can dig through walls and to a lower floor.
Your four strong arms can wield two-handed weapons with a shield.
You have a pair of large antennae on your head. (SInv)
Your magical capacity is low. (-10% MP)
You occasionally shout uncontrollably at your foes.


Message History

You see here +2 pearl dragon scales.
You see here +2 pearl dragon scales.
You see here a +1 ring mail of cold resistance.
You see here a box of beasts.
You see here a +2 mace of crushing.
You see here a halberd.
You see here a manual of Armour.
You see here the +2 cloak of the Lair of Beasts {rF++}.
You start eating one of the 4 meat rations.
You continue eating. x2
You finish eating.
That meat ration really hit the spot!
An exit appears before you!
Your surroundings seem different!
Found the Orb of Zot.
Found a staircase leading out of the dungeon.
You see here the Orb of Zot.
You pick up the Orb of Zot!
The Orb lets out a hideous shriek!
The lords of Pandemonium are not amused.
Beware!
Now all you have to do is get back out of the dungeon!
There is a staircase leading out of the dungeon here.
You have escaped!

............▓..▓...).)†▓..▓...8©8
............▓.▓▓▓..)..▓▓▓.▓..)::=
.....)...%..▓..▓.......▓..▓..|)}.
............▓.....%.......▓......
.....)..%...▓.............▓......
..†..%......▓▓▓▓▓▓▓▓▓▓▓▓▓▓▓......
............▓8888888888888▓.)....
▓..%....▓...▓8...........8▓.†▓...
............▓8..@........8▓.▓†...
............▓8.§.........8▓..)...
............▓8888888888888▓▓▓▓▓▓▓
▓▓▓▓▓▓▓▓▓▓▓▓▓▓▓▓▓▓▓▓▓▓▓▓▓▓▓▓▓▓▓▓▓
.....8©8........▓........8©8.....
)|}:.}..[)))).:.▓.=)=|:.))"=:)|}[
|}}|).[.=[::).).▓.)=.?|):):::)})=
=)..)}:[:).).}[.▓.)[\=)):})|[[|)[
................▓.......:)):)....


There were no monsters in sight!

Vanquished Creatures
  2 golden dragons (D)
  5 liches (D)
  3 quicksilver dragons (D)
  3 deep elf blademasters (D)
  9 deep elf master archers (D)
  4 shadow dragons (D)
  2 azure jellies (D)
  10 nagarajas (D)
  2 draconian monks (D)
  2 iron dragons (D)
  A ghoul (D)
  A draconian zealot (D)
  4 deep elf sorcerers (D)
  A draconian annihilator (D)
  3 reapers (D)
  3 stone giants (D)
  3 draconian callers (D)
  3 vampire knights (D)
  5 black draconians (D)
  3 green draconians (D)
  5 deep elf annihilators (D)
  5 purple draconians (D)
  6 yellow draconians (D)
  3 red draconians (D)
  4 white draconians (D)
  4 mottled draconians (D)
  2 blizzard demons (D)
  2 ettins (D)
  3 merfolk javelineers (D)
  A fire dragon (D)
  A death ooze (D)
  6 deep elf high priests (D)
  7 yaktaur captains (D)
  4 ice dragons (D)
  3 merfolk impalers (D)
  12 naga warriors (D)
  6 hydras (D)
  13 vault guards (D)
  8 anacondas (D)
  A merfolk avatar (D)
  2 centaur warriors (D)
  4 merfolk aquamancers (D)
  4 dancing weapons (D)
  5 vampire magi (D)
  5 hell hogs (D)
  An orc high priest (D)
  An iron golem (D)
  4 deep elf knights (D)
  A hell knight (D)
  3 skeletal warriors (D)
  A large abomination (D)
  5 death drakes (D)
  A slime creature (D)
  2 sea snakes (D)
  5 swamp dragons (D)
  4 orc knights (D)
  4 deep elf archers (D)
  5 necromancers (D)
  3 harpies (D)
  A phantasmal warrior (D)
  13 deep elf magi (D)
  A manticore (D)
  4 cyclopes (D)
  A shining eye (D)
  6 naga magi (D)
  11 black mambas (D)
  16 guardian serpents (D)
  4 spiny frogs (D)
  2 freezing wraiths (D)
  2 hellions (D)
  7 yaktaurs (D)
  3 tormentors (D)
  2 rime drakes (D)
  2 small abominations (D)
  2 ice devils (D)
  2 red devils (D)
  5 merfolk (D)
  A two-headed ogre (D)
  2 trolls (D)
  5 snapping turtles (D)
  4 flying skulls (D)
  2 hippogriffs (D)
  3 water elementals (D)
  4 wyverns (D)
  2 vampires (D)
  3 air elementals (D)
  4 shadows (D)
  6 wraiths (D)
  A yak (D)
  2 fire elementals (D)
  2 steam dragons (D)
  A swamp worm (shapeshifter) (D)
  3 insubstantial wisps (D)
  5 mottled dragons (D)
  11 water moccasins (D)
  8 nagas (D)
  3 hell hounds (D)
  3 orc warriors (D)
  A porcupine (D)
  3 ice beasts (D)
  2 swamp drakes (D)
  5 necrophages (D)
  2 ogres (D)
  2 phantoms (D)
  7 centaurs (D)
  7 crocodiles (D)
  A bullfrog (D)
  3 earth elementals (D)
  6 wights (D)
  2 jellies (D)
  An orc priest (D)
  6 orc wizards (D)
  6 adders (D)
  A white imp (D)
  An ooze (D)
  8 adder zombies (D)
  8 adder skeletons (D)
  An adder simulacrum (D)
  7 bat skeletons (D)
  10 bat zombies (D)
  A jackal (D)
  9 ball pythons (D)
  A ball python skeleton (D)
  A ball python zombie (D)
  A giant cockroach simulacrum (D)
  4 giant cockroach zombies (D)
  2 jackal skeletons (D)
  A jackal zombie (D)
  5 leopard gecko skeletons (D)
  A leopard gecko zombie (D)
  4 quokka skeletons (D)
  2 quokka zombies (D)
  8 crawling corpses (D)
514 creatures vanquished.

Vanquished Creatures (collateral kills)
  2 reapers (D)
  A wraith (D)
  A hell hound (D)
  2 adder zombies (D)
  An adder skeleton (D)
  A bat zombie (D)
8 creatures vanquished.

Vanquished Creatures (others)
  A draconian knight (D)
  2 stone giants (D)
  A purple draconian (D)
  3 merfolk javelineers (D)
  A merfolk impaler (D)
  A vault guard (D)
  2 centaur warriors (D)
  A dancing weapon (D)
  A black mamba (D)
  A yaktaur (D)
  A bat skeleton (D)
15 creatures vanquished.

Grand Total: 537 creatures vanquished

Notes
Turn   | Place    | Note
-------+----------+-------------------------------------------
     0 | D        | unrecovered the Formicid Fighter began the quest for the Orb.
     0 | D        | Reached XP level 1. HP: 18/18 MP: 1/1
     0 | D        | Found a deep blue altar of Sif Muna.
     0 | D        | Found a sacrificial altar of Ru.
     0 | D        | Found a bloodstained altar of Trog.
     0 | D        | Found a stormy altar of Qazlal.
     0 | D        | Found an iron altar of Okawaru.
     0 | D        | Found a sparkling altar of Nemelex Xobeh.
     0 | D        | Found a blossoming altar of Fedhas.
     2 | D        | Found an ancient bone altar of Kikubaaqudgha.
     2 | D        | Found a viscous altar of Jiyva.
     2 | D        | Found a corrupted altar of Lugonu.
     2 | D        | Found a hazy altar of Hepliaklqana.
     2 | D        | Found a burning altar of Makhleb.
     2 | D        | Found an opulent altar of Gozag.
    55 | D        | Became a worshipper of Makhleb the Destroyer
    58 | D        | Reached XP level 2. HP: 24/24 MP: 2/2
   104 | D        | Entered arena 1.
   106 | D        | Reached XP level 3. HP: 29/29 MP: 3/3
   107 | D        | Reached skill level 5 in Armour
   107 | D        | Reached XP level 4. HP: 35/35 MP: 4/4
   110 | D        | Identified the Tome of Lucky Clay (You found it in the Dungeon)
   113 | D        | Learned a level 2 spell: Song of Slaying
   116 | D        | Entered arena 2.
   116 | D        | Noticed a yak
   116 | D        | Noticed a porcupine
   119 | D        | Killed a porcupine
   119 | D        | Reached * piety under Makhleb
   119 | D        | Reached XP level 5. HP: 41/41 MP: 5/5
   123 | D        | Killed a yak
   123 | D        | Reached XP level 6. HP: 47/47 MP: 6/6
   144 | D        | Entered arena 3.
   144 | D        | Noticed a phantom
   144 | D        | Noticed a phantom
   144 | D        | Noticed a necrophage
   145 | D        | Reached ** piety under Makhleb
   151 | D        | Killed a phantom
   151 | D        | Reached skill level 10 in Armour
   151 | D        | Reached XP level 7. HP: 52/52 MP: 7/7
   169 | D        | Got the cursed ring "Ogig" {rElec rC+ Str+4 Int-4 Stlth-}
   170 | D        | Entered arena 4.
   175 | D        | Reached *** piety under Makhleb
   175 | D        | Reached skill level 10 in Maces & Flails
   178 | D        | Reached **** piety under Makhleb
   178 | D        | Reached XP level 8. HP: 52/58 MP: 8/8
   190 | D        | Entered arena 5.
   197 | D        | Reached ***** piety under Makhleb
   209 | D        | Learned a level 1 spell: Apportation
   209 | D        | Entered arena 6.
   235 | D        | Got the ring of Xom's Ringing Laughter {Str+2 Dex+3 SInv Stlth+}
   249 | D        | Entered arena 7.
   249 | D        | Noticed an air elemental
   249 | D        | Noticed an air elemental
   249 | D        | Noticed an air elemental
   265 | D        | Killed an air elemental
   266 | D        | Killed an air elemental
   270 | D        | Reached XP level 9. HP: 51/64 MP: 9/9
   271 | D        | Reached ****** piety under Makhleb
   285 | D        | Entered arena 8.
   285 | D        | Noticed a hippogriff
   285 | D        | Noticed a merfolk
   285 | D        | Noticed a cyclops
   285 | D        | Noticed a merfolk
   285 | D        | Noticed a hippogriff
   286 | D        | Identified the +9 short sword "Soenic" {pierce, rPois MR++}
   289 | D        | Killed a hippogriff
   290 | D        | Killed a hippogriff
   290 | D        | Killed a cyclops
   290 | D        | Reached skill level 15 in Armour
   293 | D        | Killed a merfolk
   293 | D        | Killed a merfolk
   293 | D        | Reached XP level 10. HP: 70/70 MP: 10/10
   318 | D        | Identified the Almanac of the Destructive Voyage (You found it in the Dungeon)
   321 | D        | Learned a level 2 spell: Shroud of Golubria
   325 | D        | Entered arena 9.
   325 | D        | Noticed a short sword of electrocution
   325 | D        | Noticed an antimagic war axe
   325 | D        | Noticed a deep elf mage
   325 | D        | Noticed a deep elf mage
   325 | D        | Noticed a glaive of venom
   325 | D        | Noticed a deep elf knight
   328 | D        | Killed a short sword of electrocution
   328 | D        | Reached skill level 15 in Maces & Flails
   332 | D        | Killed a deep elf mage
   345 | D        | Killed a deep elf knight
   345 | D        | Killed a deep elf mage
   354 | D        | Killed an antimagic war axe
   354 | D        | Reached XP level 11. HP: 42/75 MP: 11/11
   367 | D        | Killed a glaive of venom
   620 | D        | Entered arena 10.
   620 | D        | Noticed a yaktaur captain
   620 | D        | Noticed a cyclops
   620 | D        | Noticed a centaur warrior
   620 | D        | Noticed a cyclops
   620 | D        | Noticed a yaktaur captain
   629 | D        | Killed a yaktaur captain
   634 | D        | Killed a cyclops
   634 | D        | Killed a cyclops
   636 | D        | Killed a yaktaur captain
   640 | D        | Killed a centaur warrior
   765 | D        | Entered arena 11.
   765 | D        | Noticed a shining eye
   780 | D        | Killed a shining eye
   781 | D        | Reached XP level 12. HP: 81/81 MP: 12/12
   782 | D        | Noticed a death ooze
   782 | D        | Noticed an azure jelly
   782 | D        | Noticed an azure jelly
   795 | D        | Killed an azure jelly
   798 | D        | Killed a death ooze
   798 | D        | Killed an azure jelly
   828 | D        | Entered arena 12.
   829 | D        | Noticed a nagaraja
   844 | D        | Reached skill level 5 in Fighting
   846 | D        | Killed a nagaraja
   867 | D        | Got the amulet of Arrival {Reflect SH+5 SInv}
   884 | D        | Entered arena 13.
   885 | D        | Noticed a merfolk javelineer
   885 | D        | Noticed a merfolk javelineer
   885 | D        | Noticed a sea snake
   885 | D        | Noticed a merfolk aquamancer
   886 | D        | Noticed a merfolk aquamancer
   886 | D        | Noticed a merfolk aquamancer
   886 | D        | Noticed a merfolk aquamancer
   886 | D        | Noticed a merfolk impaler
   886 | D        | Noticed a merfolk impaler
   890 | D        | Killed a sea snake
   892 | D        | Killed a merfolk impaler
   892 | D        | Reached XP level 13. HP: 98/98 MP: 13/13
   896 | D        | Killed a merfolk impaler
   900 | D        | Killed a merfolk javelineer
   900 | D        | Reached skill level 10 in Fighting
   906 | D        | Killed a merfolk javelineer
   988 | D        | Entered arena 14.
  1018 | D        | Got the +1 pair of boots of Disappointment {Str+4 Dex-2 Slay+5}
  1037 | D        | Got the ring of Fenum {Wiz Dex+4}
  1042 | D        | Entered arena 15.
  1043 | D        | Noticed an ettin
  1045 | D        | Noticed an ettin
  1055 | D        | Killed an ettin
  1060 | D        | Killed an ettin
  1103 | D        | Got the amulet "Mypsol" {Spirit rC+ rN++}
  1118 | D        | Entered arena 16.
  1121 | D        | Noticed a merfolk javelineer
  1121 | D        | Noticed a merfolk avatar
  1122 | D        | Noticed a merfolk impaler
  1122 | D        | Noticed a merfolk impaler
  1126 | D        | Reached XP level 14. HP: 116/118 MP: 14/14
  1188 | D        | Got a steaming large shield
  1199 | D        | Identified the +0 large shield of It's Over Quickly {SInv} (You acquired it in the Dungeon)
  1213 | D        | Entered arena 17.
  1216 | D        | Noticed a stone giant
  1216 | D        | Noticed a stone giant
  1217 | D        | Noticed a lich
  1217 | D        | Noticed a stone giant
  1228 | D        | Reached skill level 15 in Fighting
  1233 | D        | Killed a stone giant
  1235 | D        | Killed a stone giant
  1243 | D        | Killed a lich
  1245 | D        | Killed a stone giant
  1248 | D        | Reached XP level 15. HP: 133/133 MP: 15/15
  1265 | D        | Got the ring of Kewitoto {rC+ Str+3 Dex+5 Stlth+}
  1269 | D        | Got the ring "Yriprivo" {rC- MP+9 Int+4 SInv}
  1290 | D        | Entered arena 18.
  1364 | D        | Learned a level 5 spell: Silence
  1385 | D        | Entered arena 19.
  1417 | D        | Identified the Collected Works on Quantum Weightlessness (You found it in the Dungeon)
  1507 | D        | Entered arena 20.
  1512 | D        | Noticed a deep elf master archer
  1512 | D        | Noticed a deep elf master archer
  1512 | D        | Noticed a stone giant
  1513 | D        | Noticed a stone giant
  1526 | D        | Killed a stone giant
  1526 | D        | Killed a deep elf master archer
  1528 | D        | Killed a stone giant
  1535 | D        | Killed a deep elf master archer
  1535 | D        | Reached skill level 27 in Armour
  1535 | D        | Reached XP level 16. HP: 150/150 MP: 16/16
  1607 | D        | Identified the Catalogue of the Helpful Frostbite (You found it in the Dungeon)
  1617 | D        | Learned a level 3 spell: Regeneration
  1624 | D        | Entered arena 21.
  1634 | D        | Reached skill level 1 in Air Magic
  1650 | D        | Reached skill level 5 in Air Magic
  1663 | D        | Got the ring of the Devil's Advocate {rElec rF+ AC+1 Str+3 Stlth+}
  1667 | D        | Got the ring "Jaditosa" {Ice rPois MP+9 Str+3 SInv}
  1670 | D        | Got the ring of Wiriguipp {Dex+3 Slay+2}
  1700 | D        | Entered arena 22.
  1710 | D        | Noticed a lich
  1710 | D        | Noticed a lich
  1723 | D        | Killed a lich
  1723 | D        | Killed a lich
  1723 | D        | Reached skill level 10 in Air Magic
  1724 | D        | Noticed a lich
  1746 | D        | Killed a lich
  1755 | D        | Got the ring of the Good {rPois rF+ Str+3 Int+2 Dex+3}
  1793 | D        | Entered arena 23.
  1799 | D        | Noticed a purple draconian knight
  1799 | D        | Noticed a white draconian monk
  1800 | D        | Noticed a white draconian monk
  1806 | D        | Killed a purple draconian knight
  1815 | D        | Noticed a storm dragon
  1818 | D        | Killed a white draconian monk
  1821 | D        | Killed a white draconian monk
  1822 | D        | Noticed a storm dragon
  1825 | D        | Reached skill level 27 in Maces & Flails
  1825 | D        | Reached XP level 17. HP: 164/164 MP: 17/17
  1839 | D        | Reached skill level 15 in Air Magic
  1862 | D        | Gained mutation: Your magical capacity is low. (-10% MP) [a neqoxec]
  1868 | D        | Gained mutation: You occasionally shout uncontrollably at your foes. [a neqoxec]
  1897 | D        | Got the ring of Fatigue {rElec rN+}
  2337 | D        | Entered arena 24.
  2344 | D        | Noticed a quicksilver dragon
  2344 | D        | Noticed a shadow dragon
  2344 | D        | Noticed a shadow dragon
  2344 | D        | Noticed a quicksilver dragon
  2345 | D        | Noticed a golden dragon
  2358 | D        | Reached skill level 1 in Spellcasting
  2359 | D        | Killed a quicksilver dragon
  2361 | D        | Noticed a quicksilver dragon
  2362 | D        | Killed a quicksilver dragon
  2362 | D        | Reached skill level 5 in Spellcasting
  2367 | D        | Killed a shadow dragon
  2367 | D        | Reached skill level 27 in Fighting
  2370 | D        | Killed a quicksilver dragon
  2370 | D        | Reached XP level 18. HP: 182/182 MP: 16/26
  2386 | D        | Killed a golden dragon
  2386 | D        | Reached skill level 10 in Spellcasting
  2391 | D        | Noticed a golden dragon
  2400 | D        | Killed a golden dragon
  2448 | D        | Got the amulet "Lumumed" {Regen+ Str+2 Int+10 Stlth-}
  2462 | D        | Learned a level 9 spell: Tornado
  2551 | D        | Entered arena 25.
  2560 | D        | Noticed a deep elf master archer
  2560 | D        | Noticed a deep elf master archer
  2561 | D        | Noticed a deep elf blademaster
  2561 | D        | Noticed a deep elf blademaster
  2561 | D        | Noticed a deep elf master archer
  2561 | D        | Noticed a deep elf blademaster
  2561 | D        | Noticed a deep elf master archer
  2562 | D        | Noticed a deep elf master archer
  2562 | D        | Noticed a deep elf master archer
  2562 | D        | Noticed a deep elf master archer
  2566 | D        | Reached skill level 1 in Dodging
  2568 | D        | Killed a deep elf blademaster
  2571 | D        | Killed a deep elf master archer
  2571 | D        | Reached skill level 5 in Dodging
  2573 | D        | Killed a deep elf blademaster
  2580 | D        | Killed a deep elf master archer
  2580 | D        | Reached skill level 15 in Spellcasting
  2583 | D        | Killed a deep elf master archer
  2583 | D        | Reached skill level 10 in Dodging
  2585 | D        | Killed a deep elf blademaster
  2586 | D        | Killed a deep elf master archer
  2588 | D        | Killed a deep elf master archer
  2591 | D        | Reached XP level 19. HP: 177/189 MP: 31/35
  2625 | D        | Reached skill level 15 in Dodging
  2726 | D        | Got the ring "Xodyppy" {Ice rN+ Dex+6}
  2740 | D        | Got the amulet of Dishonesty {Faith Str+2 SInv}
  2757 | D        | Got the ring of Goepn {rElec rPois}
  2761 | D        | Got the ring of the Solstice {*Corrode rElec rN++ Int+3 Stlth+}
  2771 | D        | Learned a level 6 spell: Statue Form
  2803 | D        | Identified the Papyrus of Poisoning (You found it in the Dungeon)
  2810 | D        | Entered arena 26.
  2830 | D        | Noticed a lich
  2851 | D        | Killed a lich
  3001 | D        | Got the ring of Zosel {Fire Int+5}
  3008 | D        | Identified Ciaph's Volume of Bewitchment and the Arsonist (You found it in the Dungeon)
  3026 | D        | Learned a level 9 spell: Shatter
  3036 | D        | Learned a level 8 spell: Lehudib's Crystal Spear
  3040 | D        | Identified Sif Muna's Grimoire of the Venomous Volcanoes (You found it in the Dungeon)
  3054 | D        | Got the +2 cloak of Daus {rCorr Str+3}
  3060 | D        | Got the ring "Edwaac" {*Corrode Str+8 Stlth-}
  3079 | D        | Identified Sif Muna's Grimoire of the Venomous Volcanoes (You found it in the Dungeon)
  3088 | D        | Entered arena 27.
  3107 | D        | Reached XP level 20. HP: 197/197 MP: 30/40
  3144 | D        | Got the ring "Riozot" {Str+4 Int+2}
  3169 | D        | Identified the Reference Book on Feathery Curses (You found it in the Dungeon)
  3218 | D        | Got the Orb of Zot
  3223 | D        | Escaped with the Orb!

Skill      XL: |  1  2  3  4  5  6  7  8  9 10 11 12 13 14 15 16 17 18 19 20 |
---------------+-------------------------------------------------------------+-----
Shields        | 9 |  9.6
Maces & Flails | 3 4 6 8 9 10 12 14 16 18 20 21 23 25 27 | 27.0
Armour         | 4 5 7 9 10 11 13 15 17 19 21 23 25 27 | 27.0
Fighting       | 8 13 16 20 23 27 | 27.0
Air Magic      | 13 18 21 23 24 | 24.4
Spellcasting   | 7 16 21 22 | 22.3
Invocations    | 12 | 12.6
Dodging        | 12 18 19 | 19.3

Action                   |  1- 3 |  4- 6 |  7- 9 | 10-12 | 13-15 | 16-18 | 19-21 || total
-------------------------+-------+-------+-------+-------+-------+-------+-------++-------
Melee: Great mace        |     2 |    12 |    64 |    93 |   150 |   252 |   111 ||   684
       Maul              |       |       |       |       |       |       |     9 ||     9
Throw: Throwing net      |       |       |       |     1 |       |       |       ||     1
 Cast: Silence           |       |       |       |       |       |     1 |     1 ||     2
       Tornado           |       |       |       |       |       |       |     2 ||     2
Invok: Greater Servant o |       |       |       |       |       |       |     2 ||     2
  Use: Potion            |     1 |       |     3 |     8 |       |       |     3 ||    15
       Scroll            |       |       |       |     2 |     1 |     4 |       ||     7
 Stab: Held in net/web   |       |       |       |     1 |       |       |       ||     1
       Distracted        |       |       |       |       |       |       |     1 ||     1
  Eat: Chunk             |       |       |       |       |     2 |     4 |     2 ||     8
       Meat ration       |       |       |       |       |       |       |     1 ||     1
Armor: Plate armour      |       |     5 |    64 |    39 |       |       |       ||   108
       Gold dragon scale |       |       |       |     8 |    90 |   233 |   110 ||   441
Dodge: Dodged            |       |       |    23 |    13 |    21 |    36 |    95 ||   188
Block: Shield            |     1 |    20 |   154 |   186 |   348 |   567 |   370 ||  1646
       Reflection        |       |       |       |     1 |    72 |    20 |       ||    93
